 Dungeon Crawl Stone Soup version 0.30.1-3-gfc49f6343a (webtiles) character file.

Game seed: 11643030983049039650

1022 Babbit the Chopper (level 8, -9/105 HPs)
             Began as a Minotaur Fighter on July 31, 2023.
             Mangled by Duvessa
             ... wielding a +1 short sword of speed
              (13 damage)
             ... on level 5 of the Dungeon.
             The game lasted 00:26:07 (3989 turns).

Babbit the Chopper (Minotaur Fighter)               Turns: 3989, Time: 00:26:07

Health: -9/105     AC:  8    Str: 24    XL:     8   Next: 2%
Magic:  7/7        EV:  9    Int:  5    God:
Gold:   85         SH:  5    Dex:  9    Spells: 7/7 levels left

rFire   . . .        a - +2 war axe
rCold   . . .        c - +0 buckler
rNeg    + . .        b - +0 scale mail
rPois   .            (helmet restricted)
rElec   .            (no cloak)
rCorr   .            (no gloves)
SInv    .            r - +0 pair of boots
Will    .....        (no amulet) Stlth
                     p - ring of positive energy
HPRegen 0.37/turn    x - ring of flight
MPRegen 0.10/turn

%: no passive effects
@: berserking (expiring), flying, very quick
A: horns 2, retaliatory headbutt
a: no special abilities


You were on level 5 of the Dungeon.
You visited 1 branch of the dungeon, and saw 5 of its levels.

You collected 145 gold pieces.
You spent 60 gold pieces at shops.

Inventory:

Hand Weapons
 a - a +2 war axe (weapon)
Missiles
 l - 5 poisoned darts (quivered)
 n - 5 boomerangs
 o - 2 throwing nets
Armour
 b - a +0 scale mail (worn)
 c - a +0 buckler (worn)
 r - a +0 pair of boots (worn)
Jewellery
 p - a ring of positive energy (left hand)
 x - a ring of flight (right hand)
Scrolls
 d - a scroll of enchant armour {unknown}
 f - a scroll of noise {unknown}
 g - a scroll of magic mapping
 h - 2 scrolls of poison
 i - a scroll of brand weapon {unknown}
 k - a scroll of fear {unknown}
 m - 2 scrolls of teleportation {unknown}
 q - a scroll of identify
 s - a scroll of amnesia {unknown}
Potions
 j - 2 potions of cancellation
 t - a potion of heal wounds {unknown}
 u - a potion of invisibility {unknown}
 v - a potion of ambrosia {unknown}
 w - a potion of magic {unknown}


   Skills:
 + Level 6.0 Fighting
 * Level 7.3 Axes
 * Level 1.5 Throwing
 + Level 6.0 Armour
 + Level 6.1 Shields


You had 7 spell levels left.
You didn't know any spells.
Your spell library contained the following spells:

 Spells                   Type           Power      Damage    Failure   Level
 Summon Forest            Summ/Tloc      0%         N/A       100%        5
 Eringya's Noxious Bog    Tmut/Pois      0%         N/A       100%        6
 Summon Hydra             Summ           0%         N/A       100%        7


Dungeon Overview and Level Annotations

Branches:
Dungeon (5/15)
 Temple: D:4-7

Altars:

Shops:
D:3 !

Annotations:
D:5 Duvessa


Innate Abilities, Weirdness & Mutations

You have a pair of horns on your head.
You reflexively headbutt those who attack you in melee.


Message History

Blork the orc closely misses you.
You closely miss Blork the orc.
Blork the orc is moderately wounded.
Blork the orc barely misses you.
A scorpion comes into view.
Blork the orc hits you with a +0 battleaxe.
You hit Blork the orc.
Blork the orc is heavily wounded.
You closely miss Duvessa. You block Duvessa's attack.
Blork the orc hits you with a +0 battleaxe!
You barely miss Blork the orc.
Blork the orc is heavily wounded.
You slash Duvessa!
Duvessa hits you with a +1 short sword of speed!
Blork the orc gestures at you while chanting.
The magic dart hits you! Duvessa misses you. You furiously retaliate!
You headbutt Duvessa! You slice Blork the orc!!
You kill Blork the orc!
You barely miss Duvessa. Duvessa hits you but does no damage.
Duvessa hits you with a +1 short sword of speed!
Your Fighting skill increases to level 6!
Your Armour skill increases to level 6!
You have reached level 8!
You feel stronger.
You barely miss Duvessa.
Duvessa is severely wounded.
Duvessa hits you with a +1 short sword of speed!
* * * LOW HITPOINT WARNING * * *
Duvessa closely misses you. You furiously retaliate!
You headbutt Duvessa! You barely miss Duvessa.
You headbutt Duvessa, but do no damage.
Duvessa is severely wounded.
Duvessa hits you with a +1 short sword of speed!
* * * LOW HITPOINT WARNING * * *
You slash Duvessa!
Duvessa is almost dead.
Duvessa hits you with a +1 short sword of speed!
* * * LOW HITPOINT WARNING * * *
Duvessa hits you with a +1 short sword of speed!
You die...

.#...................#...#
.........................#
.........................#
#...................##.##
##.......)...!........###
.......<.)..##..........#
.......s.)#.#...........#
.........#e..)..........#
........)@).............#
.#.............#.......##
...........)..##..#.####
#.....##.........####
............#...##
..........##.###
........#.....
.###....##..... ## #.#..##


You could see Duvessa (berserk) and a scorpion.

Vanquished Creatures
  The ghost of Waters the Digger, an amateur GrEE (D:4)
  A phantom (D:4)
  Blork the orc (D:5)
  Dowan (D:5)
  A howler monkey (D:5)
  3 bullfrog zombies (D:4)
  2 hounds
  A centaur skeleton (D:4)
  A gnoll bouda (D:4)
  A sleepcap (D:4)
  2 jellies
  Terence (D:3)
  Jessica (D:2)
  Natasha (thrice) (D:2)
  An orc wizard (D:5)
  5 gnolls (D:4)
  2 adders (D:2)
  A worm (D:4)
  3 dart slugs
  13 orcs
  6 bats
  6 endoplasms
  2 giant cockroaches
  6 goblins
  5 hobgoblins
  3 jackals (D:2)
  7 kobolds
  3 quokkas
  8 ball pythons
  2 frilled lizards
  5 rats
98 creatures vanquished.

Notes
Turn   | Place    | Note
-------+----------+-------------------------------------------
     0 | D:1      | Babbit the Minotaur Fighter began the quest for the Orb.
     0 | D:1      | Reached XP level 1. HP: 19/19 MP: 0/0
   243 | D:1      | Reached XP level 2. HP: 27/27 MP: 1/1
   341 | D:1      | Reached skill level 3 in Axes
   685 | D:2      | Noticed Terence
   698 | D:3      | Killed Terence
   699 | D:3      | Reached XP level 3. HP: 27/33 MP: 2/2
   813 | D:2      | Noticed Jessica
   831 | D:2      | Killed Jessica
   832 | D:2      | Reached skill level 4 in Axes
   832 | D:2      | Reached XP level 4. HP: 4/40 MP: 3/3
  1092 | D:2      | Noticed Natasha
  1104 | D:2      | Killed Natasha
  1128 | D:2      | Noticed Natasha
  1147 | D:2      | Killed Natasha
  1148 | D:2      | Reached XP level 5. HP: 41/47 MP: 4/4
  1217 | D:2      | Found a faded altar of an unknown god.
  1237 | D:2      | Noticed Natasha
  1251 | D:2      | Killed Natasha
  1540 | D:3      | Found Tacvin's Distillery.
  1877 | D:3      | Bought 2 potions of curing for 60 gold pieces
  1945 | D:3      | Reached skill level 5 in Axes
  2409 | D:4      | Found a transporter.
  2446 | D:4      | Reached XP level 6. HP: 44/54 MP: 5/5
  2479 | D:4      | Reached skill level 5 in Fighting
  2479 | D:4      | Reached skill level 5 in Armour
  2479 | D:4      | Reached skill level 5 in Shields
  3110 | D:4      | Found a transporter.
  3115 | D:4      | Noticed Waters's ghost (amateur GrEE)
  3138 | D:4      | Reached skill level 6 in Axes
  3138 | D:4      | Reached XP level 7. HP: 24/61 MP: 6/6
  3141 | D:4      | Killed Waters's ghost
  3746 | D:5      | Entered Level 5 of the Dungeon
  3753 | D:5      | Reached skill level 7 in Axes
  3948 | D:5      | Noticed Blork the orc
  3948 | D:5      | Noticed Dowan
  3978 | D:5      | Killed Dowan
  3978 | D:5      | Noticed Duvessa
  3980 | D:5      | Reached skill level 1 in Throwing
  3986 | D:5      | Killed Blork the orc
  3987 | D:5      | Reached XP level 8. HP: 36/70 MP: 7/7
  3989 | D:5      | HP: 4/105 [Duvessa/+1 short sword of speed (16)]
  3989 | D:5      | Mangled by Duvessa

Illustrated notes

Levels and vault maps discovered:
D:1:      dpeg_arrival_simpleton_c, layout_loops_ring, minmay_misc_feat_room
D:2:      layout_rooms, chequers_ecumenical_altar_island, nrook_uturn,
          uniq_jessica, uniq_natasha, uniq_terence
D:3:      layout_basic, serial_shops, nicolae_shop_just_a_little_nook
D:4:      cheibrodos_helix_gallery, layout_basic, gammafunk_ghost_mausoleum,
          minmay_misc_feat_five
D:5:      layout_cave_pools, trog_ov_bears_minmay, dreamdust_princess_bridge,
          uniq_blork_the_orc, uniq_duvessa

Skill      XL: |  1  2  3  4  5  6  7 |
---------------+----------------------+-----
Axes           | 3 4 5 6 7 |  7.3
Fighting       | 4 5 6 |  6.0
Armour         | 4 5 6 |  6.0
Shields        | 4 5 6 |  6.1
Throwing       | 1 |  1.5

Action                     |  1- 3 |  4- 6 |  7- 9 || total
---------------------------+-------+-------+-------++-------
  Melee: War axe           |    63 |   154 |    45 ||   262
         Headbutt          |     6 |    19 |     6 ||    31
  Throw: Dart              |       |       |     6 ||     6
    Use: Potion            |     2 |     5 |     1 ||     8
         Scroll            |       |     4 |     2 ||     6
 Armour: Scale mail        |    42 |    59 |    22 ||   123
         Skin              |       |    26 |       ||    26
  Dodge: Dodged            |    27 |    71 |    19 ||   117
  Block: Buckler           |    18 |    39 |    15 ||    72
